 Dungeon Crawl Stone Soup version 0.26-a0-661-g406de6ba63 (webtiles) character file.

Game seed: 13356524189265132610

60 GoodGuyCap the Sneak (level 4, -4/31 HPs)
             Began as an Octopode Monk on Oct 8, 2020.
             Slain by a gnoll
             ... wielding a cursed -1 halberd
              (10 damage)
             ... on level 2 of the Dungeon.
             The game lasted 00:02:06 (746 turns).

GoodGuyCap the Sneak (Octopode Monk)                 Turns: 746, Time: 00:02:07

Health: -4/31      AC:  1    Str: 10    XL:     4   Next: 6%
Magic:  4/4        EV: 11    Int: 12    God:
Gold:   51         SH:  6    Dex: 15    Spells: 3/3 levels left

rFire    . . .     SeeInvis .     - Unarmed
rCold    . . .     Faith    .   c - +0 kite shield
rNeg     . . .     Spirit   .   (helmet restricted)
rPois    .         Reflect  .   (no amulet)
rElec    .         Harm     .   (no ring)
rCorr    .         Rampage  .   (no ring)
MR       .....                  (no ring)
Stlth    ++++......             (no ring)
HPRegen  0.10/turn              (no ring)
MPRegen  0.09/turn              (no ring)
                                (no ring)
                                (no ring)

@: brilliant, berserk cooldown, slowed, very slow
A: almost no armour, stealthy swim, amphibious, 8 rings, constrict 8, camouflage
1, gelatinous body 1
a: no special abilities


You were on level 2 of the Dungeon.
You visited 1 branch of the dungeon, and saw 2 of its levels.

You collected 51 gold pieces.

Inventory:

Armour
 c - a +0 kite shield (worn)
Wands
 k - a wand of flame (11)
Scrolls
 a - 2 scrolls of teleportation
 f - a scroll of remove curse
 i - a scroll of fear {unknown}
Potions
 b - a potion of curing
 e - a potion of haste {unknown}
 h - a potion of brilliance


   Skills:
 * Level 3.3 Fighting
 * Level 3.3 Dodging
 * Level 4.5 Stealth
 + Level 3.4 Unarmed Combat


You had 3 spell levels left.
You didn't know any spells.
Your spell library was empty.

Dungeon Overview and Level Annotations

Branches:
Dungeon (2/15)

Altars:
Dithmenos
Qazlal
Trog
Uskayaw


Innate Abilities, Weirdness & Mutations

You cannot wear most types of armour.
You are very stealthy in the water. (Stealth+)
You are amphibious.
You can wear up to eight rings at the same time.
You can use your tentacles to constrict eight enemies at once.
Your skin changes colour to match your surroundings (Stealth+).
Your rubbery body absorbs attacks. (AC +1, EV +1)


Message History

You are exhausted.
You feel yourself slow down. The gnoll hits you but does no damage.
The gnoll hits you but does no damage. x2
The gnoll hits you but does no damage. The gnoll barely misses you.
The gnoll hits you but does no damage. The gnoll hits you but does no damage.
You block the gnoll's attack.
Your transformation is almost over.
The gnoll hits you but does no damage. The gnoll hits you but does no damage.
The gnoll hits you but does no damage. You block the gnoll's attack. x2
The gnoll hits you but does no damage.
You feel less wooden. The gnoll barely misses you.
You block the gnoll's attack.
Unknown command.
The gnoll hits you with a cursed -1 halberd!
You die...

#####..#######.....
### #..# ######
#######..# ###
+.._..'..# ...
###.###..# .## ##
#.# #..### #
##..###'###..... ##
................
..###.
...##...@g........
......
##)#<##.####..
...... #.#)# .# ..
.##... ..... #....
##.#..# #..#..
#.#..# #.#...
.>.... ......
.......
##......#### #.
....###.......#


You could see a gnoll.

Vanquished Creatures
  3 gnolls (D:2)
  An ooze (D:1)
  2 worms (D:2)
  A giant cockroach (D:2)
  2 goblins (D:1)
  5 hobgoblins
  A quokka (D:2)
  A ball python (D:2)
  3 bats (D:1)
  3 frilled lizards
  A kobold (D:1)
  3 rats (D:1)
26 creatures vanquished.

Notes
Turn   | Place    | Note
-------+----------+-------------------------------------------
     0 | D:1      | GoodGuyCap the Octopode Monk began the quest for the Orb.
     0 | D:1      | Reached XP level 1. HP: 16/16 MP: 1/1
    52 | D:1      | Found a shadowy altar of Dithmenos.
   190 | D:1      | Reached XP level 2. HP: 21/21 MP: 2/2
   195 | D:1      | Reached skill level 3 in Stealth
   593 | D:2      | Reached XP level 3. HP: 25/26 MP: 3/3
   652 | D:2      | Found a hide-covered altar of Uskayaw.
   653 | D:2      | Found a bloodstained altar of Trog.
   689 | D:2      | Found a stormy altar of Qazlal.
   716 | D:2      | Reached skill level 4 in Stealth
   723 | D:2      | Reached XP level 4. HP: 5/31 MP: 4/4
   746 | D:2      | Slain by a gnoll

Illustrated notes

Levels and vault maps discovered:
D:1:      minmay_arrival_up_and_down, layout_rooms, hangedman_glass_teeth,
          kennysheep_flooded_box
D:2:      layout_rooms, lemuel_doored_altar, nicolae_overflow_hidden_temple,
          trog_three_pillars_becter

Skill      XL: |  1  2  3 |
---------------+----------+-----
Stealth        | 3 4 |  4.5
Fighting       | |  3.3
Dodging        | |  3.3
Unarmed Combat | |  3.4

Action                   |  1- 3 |  4- 6 || total
-------------------------+-------+-------++-------
Melee: Unarmed           |    51 |       ||    51
       Tentacles         |    12 |       ||    12
       Constrict         |    11 |       ||    11
       Punch             |     1 |       ||     1
  Use: Scroll            |     2 |       ||     2
       Potion            |     3 |     1 ||     4
 Stab: Sleeping          |    11 |       ||    11
       Distracted        |     1 |       ||     1
Armor: Skin              |     6 |    13 ||    19
Dodge: Dodged            |    37 |     2 ||    39
Block: Kite shield       |     6 |     7 ||    13

Table legend: (Time is in decaauts)
 A = Elapsed time spent in this place.
 B = Non-inter-level travel time spent in this place.
 C = Inter-level travel time spent in this place.
 D = Time resting spent in this place.
 E = Time spent auto-exploring this place.
 F = Levels seen in this place.
 G = Mean time per level.
                   A        B        C        D        E       F      G
               +--------+--------+--------+--------+--------+-----+--------+
         Total |    748 |    717 |     31 |      0 |    520 |   2 |  374.0 |
       Dungeon |    748 |    717 |     31 |      0 |    520 |   2 |  374.0 |
               +--------+--------+--------+--------+--------+-----+--------+

Top non-repeatable levels by time:
     D:1: 505 daAuts
     D:2: 242 daAuts
